Match 46493252
Unlisted

Match 46493252
End
Construct Barracks
1⁄4-ton 4x4 Truck
Riflemen Squad
Riflemen Squad
M1 Mortar Team
Construct Medical Station
Infantry Support Center
Construct Medical Station
Riflemen Squad
M1918 Browning Automatic Rifles
Construct Weapon Support Center
Grenade Package
Construct Motor Pool
beef
Stug Life
Angrybirds
Demi
0
0

Comments sign in to comment!

No comments posted yet!